Map: Abiogenesis LE

Players

SALTKING

  • Race: Protoss Protoss
  • League: Grandmaster
  • Spawn Location: 5:00

A.I. 2 (Very Easy) - Winner!

  • Race: Zerg Zerg
  • Spawn Location: 11:00

VOD

Have the link to the VOD?

Description

PvZ Adept Pressure

Time

  • Played on: Feb. 7, 2018, 9:56 p.m.
  • Length: 9:02
Show
View Real Time Build Order
Export as new Build Order

SALTKING Protoss 

Build Orders: 1 Gate Expand 

Get SALT Encoding   

  12  0:00  Probe  
  13  0:13  Probe  
  14  0:19  Pylon  
  14  0:25  Probe  
  15  0:37  Probe (Chrono Boost)  
  16  0:44  Gateway  
  16  0:46  Probe (Chrono Boost)  
  17  0:51  Probe (Chrono Boost)  
  17  0:53  Assimilator  
  18  1:03  Probe  
  19  1:16  Probe  
  20  1:28  Nexus  
  20  1:37  Cybernetics Core  
  20  1:40  Probe (Chrono Boost)  
  20  1:46  Pylon  
  21  1:51  Probe (Chrono Boost)  
  22  1:54  Assimilator  
  22  1:57  Probe (Chrono Boost)  
  23  2:09  Probe  
  23  2:11  Adept (Chrono Boost)  
  23  2:12  Warp Gate (Chrono Boost)  
  26  2:21  Probe  
  27  2:36  Probe (Chrono Boost)  
  28  2:37  Twilight Council  
  28  2:40  Probe (Chrono Boost)  
  29  2:48  Gateway  
  29  2:49  Probe (Chrono Boost)  
  29  2:50  Probe (Chrono Boost)  
  31  2:54  Probe (Chrono Boost)  
  31  2:57  Probe  
  33  3:01  Adept  
  35  3:06  Probe, Pylon  
  35  3:09  Probe  
  35  3:12  Resonating Glaives (Chrono Boost)  
  37  3:18  Probe  
  38  3:21  Gateway, Probe  
  39  3:29  Adept  
  39  3:30  Probe  
  39  3:33  Probe  
  43  3:42  Probe  
  43  3:46  Probe  
  47  3:54  Nexus  
  47  3:55  Probe  
  48  3:58  Probe  
  48  3:59  Pylon  
  49  4:07  Probe  
  48  4:10  Probe  
  49  4:19  Templar Archives, Adept x2, Probe  
  49  4:21  Gateway  
  49  4:22  Probe  
  49  4:23  Adept  
  57  4:27  Pylon  
  57  4:31  Assimilator, Probe  
  58  4:34  Probe  
  58  4:35  Assimilator  
  59  4:42  Charge (Chrono Boost)  
  59  4:43  Probe  
  60  4:46  Probe  
  61  4:55  Probe  
  61  4:58  Probe  
  61  4:59  High Templar  
  65  5:01  Zealot  
  65  5:02  Zealot  
  65  5:06  Probe (Chrono Boost)  
  70  5:07  Probe (Chrono Boost)  
  70  5:11  Gateway x2, Probe (Chrono Boost)  
  70  5:13  Forge  
  72  5:16  Assimilator  
  72  5:18  Probe (Chrono Boost)  
  72  5:19  Probe (Chrono Boost)  
  72  5:20  Assimilator  
  75  5:22  Pylon  
  75  5:23  Probe (Chrono Boost)  
  75  5:27  High Templar, Probe (Chrono Boost)  
  78  5:28  High Templar  
  78  5:30  Probe x2 (Chrono Boost)  
  78  5:32  Probe  
  83  5:36  Gateway  
  83  5:38  Pylon  
  83  5:40  Probe  
  83  5:42  Probe  
  85  5:44  Psionic Storm  
  85  5:47  Zealot  
  87  5:50  Probe  
  87  5:52  Probe  
  87  5:54  Protoss Ground Weapons Level 1 (Chrono Boost), Probe  
  87  5:56  Zealot  
  92  6:02  Zealot  
  92  6:04  High Templar  
  96  6:09  Pylon  
  96  6:10  Zealot x2  
  100  6:14  Robotics Facility  
  100  6:17  Robotics Facility  
  100  6:30  Pylon x2  
  100  6:32  Pylon  
  100  6:34  Pylon  
  100  6:35  High Templar x3  
  100  6:36  Zealot  
  108  6:44  Gateway  
  108  6:46  Gateway  
  108  6:48  Nexus  
  108  6:55  Immortal (Chrono Boost), Zealot x2  
  108  6:56  Zealot  
  118  7:06  Immortal (Chrono Boost)  
  122  7:16  Pylon  
  122  7:17  Pylon  
  122  7:18  Pylon x2  
  122  7:19  Zealot  
  124  7:24  Zealot x2  
  124  7:25  Zealot  
  124  7:28  Immortal (Chrono Boost)  
  130  7:33  Zealot  
  136  7:39  Zealot  
  136  7:40  Zealot x2  
  142  7:45  Immortal (Chrono Boost)  
  146  7:51  Shield Battery, Zealot x2  
  146  7:53  Zealot  
  152  8:02  Shield Battery  
  152  8:03  Zealot  
  152  8:04  High Templar x2  
  152  8:05  High Templar  
  160  8:06  High Templar  
  162  8:12  Pylon  
  162  8:14  Pylon  
  162  8:20  High Templar x3  
  162  8:22  High Templar  
  162  8:24  Zealot  
  162  8:26  Archon x2  
  172  8:27  Archon  
  172  8:28  Archon  
  172  8:37  Zealot x3  
  172  8:38  Zealot  
  188  8:46  Zealot  
  190  8:53  High Templar  
  190  8:54  High Templar, Zealot x2  
  198  8:57  Zealot  
Show
View Real Time Build Order
Export as new Build Order

A.I. 2 (Very Easy) Zerg - Winner!

Build Orders: Pool First 

Get SALT Encoding   

  12  0:00  Drone  
  13  0:12  Overlord  
  13  0:17  Drone  
  14  0:36  Spawning Pool  
  14  0:37  Extractor  
  14  0:40  Drone  
  13  0:47  Drone  
  14  0:53  Overlord  
  14  1:23  Zergling x2  
  14  1:25  Queen  
  17  1:35  Roach Warren  
  17  1:36  Extractor  
  15  1:40  Drone  
  16  1:47  Drone  
  16  1:49  Zergling x2  
  18  2:08  Drone  
  19  2:14  Zergling x2  
  19  2:15  Drone  
  21  2:23  Drone  
  22  2:32  Overlord  
  22  2:37  Drone  
  22  2:40  Roach  
  25  2:44  Drone  
  26  2:52  Drone  
  27  7:07  Drone  
  27  7:08  Roach, Lair, Overlord  
  30  7:14  Drone  
  31  7:16  Hatchery  
  31  7:22  Drone  
  31  7:29  Drone  
  32  7:36  Drone  
  33  7:43  Drone  
  29  7:46  Roach  
  31  8:08  Overseer x2  
  31  8:25  Zergling x2  
  32  8:29  Drone  
  33  8:36  Drone  
  33  8:38  Extractor  
  33  8:39  Extractor  
  32  8:43  Drone  
Tags
 
Add a new tag
Caveats
  • Supply blocks, unpowered buildings, or Contaminate may cause inaccurate times.
  • Supply counts are checked every 10 seconds.